 Dungeon Crawl Stone Soup version 0.19.1-1-g22dce08 (webtiles) character file.

92 Lennu the Slasher (level 4, -1/37 HPs)
             Began as a Formicid Monk on Jan 3, 2017.
             Killed from afar by a dart slug (5 damage)
             ... with a slug dart
             ... on level 3 of the Dungeon.
             The game lasted 00:08:56 (2230 turns).

Lennu the Slasher (Formicid Monk)                   Turns: 2230, Time: 00:08:57

Health: -1/37      AC:  4    Str: 15    XL:     4   Next: 90%
Magic:  4/4        EV: 13    Int: 10    God:
Gold:   67         SH:  0    Dex: 14    Spells: 0 memorised, 3 levels left

rFire  . . .     SeeInvis +     a - +0 falchion
rCold  . . .     Gourm    .     k - +0 leather armour
rNeg   . . .     Faith    .     (no shield)
rPois  .         Spirit   .     (helmet unavailable)
rElec  .         Reflect  .     g - +0 cloak
rCorr  .         Harm     .     (no gloves)
MR     .....                    (no boots)
Stlth  ++........               q - amulet of rage
                                (no ring)
                                (no ring)

@: no status effects
A: permanent stasis, dig shafts and tunnels, four strong arms, antennae 3
a: Dig, Shaft Self


You were on level 3 of the Dungeon.
You were not hungry.

You visited 1 branch of the dungeon, and saw 3 of its levels.

You collected 67 gold pieces.

Inventory:

Hand Weapons
 a - a +0 falchion (weapon)
Missiles
 f - 2 throwing nets (quivered)
Armour
 b - a +0 robe
 g - a +0 cloak (worn)
 k - a +0 leather armour (worn)
Jewellery
 q - an amulet of rage (around neck)
Scrolls
 e - 4 scrolls of identify
 i - 2 scrolls of teleportation
 n - 2 scrolls of immolation
 o - a scroll of amnesia {unknown}
 p - a scroll of fog
 r - a scroll of recharging
Potions
 h - a potion of curing
 l - a potion of heal wounds
 m - a potion of lignification
Comestibles
 c - 2 bread rations
 d - 2 chunks of flesh
 j - a slice of pizza


   Skills:
 * Level 3.7 Fighting
 * Level 4.1 Long Blades
 * Level 0.9 Armour
 * Level 3.2 Dodging
 + Level 2.8 Stealth


You had 3 spell levels left.
You didn't know any spells.

Dungeon Overview and Level Annotations

Branches:
Dungeon (3/15)

Altars:


Innate Abilities, Weirdness & Mutations

You are under a permanent stasis effect.
You can dig through walls and to a lower floor.
Your four strong arms can wield two-handed weapons with a shield.
You have a pair of large antennae on your head. (SInv)


Message History

The dart slug launches a dart at you. The slug dart hits you!
The dart slug launches a dart at you. The slug dart hits you!
* * * LOW HITPOINT WARNING * * *
The dart slug barely misses you.
A dart slug comes into view.
The dart slug launches a dart at you. The slug dart hits you!
The dart slug launches a dart at you. The slug dart hits you!
* * * LOW HITPOINT WARNING * * *
The dart slug launches a dart at you. The slug dart hits you!
The dart slug launches a dart at you. The slug dart hits you!
* * * LOW HITPOINT WARNING * * *
The dart slug launches a dart at you. The slug dart hits you!
You die...

#.≈≈≈≈≈w≈≈≈≈≈≈≈.#
.#≈##≈≈≈≈≈≈≈≈≈##
##≈≈w≈#≈≈≈≈≈≈#
##{≈≈≈≈w≈≈.##
#.##≈≈.≈≈##.#
#......### .#
#...#..#
...###..# .##
##@# #.# ...
##.## #.. ##. .
.P


You could see 2 dart slugs.

Vanquished Creatures
  4 adders (D:2)
  3 worms (D:2)
  2 dart slugs
  A leopard gecko (D:2)
  5 giant cockroaches
  4 goblins
  5 hobgoblins
  3 jackals (D:2)
  A quokka (D:2)
  2 ball pythons (D:2)
  5 bats
  A frilled lizard (D:1)
  3 kobolds
  4 rats
43 creatures vanquished.

Notes
Turn   | Place    | Note
-------+----------+-------------------------------------------
     0 | D:1      | Lennu the Formicid Monk began the quest for the Orb.
     0 | D:1      | Reached XP level 1. HP: 18/18 MP: 1/1
    18 | D:1      | Noticed an electric eel
   172 | D:1      | Reached XP level 2. HP: 18/24 MP: 2/2
   838 | D:1      | Reached XP level 3. HP: 29/29 MP: 3/3
   952 | D:2      | Found a faded altar of an unknown god.
  1478 | D:2      | Reached XP level 4. HP: 34/37 MP: 4/4
  1682 | D:2      | Reached skill level 4 in Long Blades
  1691 | D:2      | HP: 1/37 [ball python (1)]
  2230 | D:3      | Killed from afar by a dart slug

Skill      XL: |  1  2  3  4 |
---------------+-------------+-----
Dodging        | 3 |  3.2
Long Blades    | 4 |  4.1
Fighting       | |  3.7
Armour         | |  0.9
Stealth        | |  2.8

Action                   |  1- 3 |  4- 6 || total
-------------------------+-------+-------++-------
Melee: Falchion          |    83 |    70 ||   153
  Use: Scroll            |     7 |       ||     7
       Potion            |     1 |     1 ||     2
 Stab: Sleeping          |     4 |       ||     4
  Eat: Chunk             |     2 |     2 ||     4
Armor: Robe              |    14 |       ||    14
       Leather armour    |     9 |    21 ||    30
Dodge: Dodged            |    63 |    55 ||   118
       Rpst.: Falchion   |    18 |     9 ||    27
